Match 41709796
Unlisted

Match 41709796
End
Vickers Machine Gun Team
Selects Australian Defense Battlegroup
Selects Australian Light Infantry Section
Australian Light Infantry Section
Construct Section Command Post
Australian Light Infantry Section
Infantry Section
Construct Platoon Command Post
Selects 2-pounder Anti-tank Gun Team
CMP 15cwt Truck
Selects CMP 15cwt Supply Run
Grenade Package
2-pounder Anti-tank Gun Team
Selects Reinforced Resource Caches
Unlock Bishop Self-propelled Artillery
Australian Light Infantry Section
Construct Company Command Post
Foot Guards Section
Australian Light Infantry Section
Selects Archer Tank Destroyer
Forward Retreat Point
Archer Tank Destroyer
ML 3-inch Mortar Team
A Plucky Brit
سَۨفُـيٰانۨوٰس
mohamedkerdaoui
0
0

Comments sign in to comment!

No comments posted yet!